 Dungeon Crawl Stone Soup version 0.21.1-1-g345015f (webtiles) character file.

5828 Solrac the Basher (level 11, -13/87 HPs)
             Began as a Formicid Fighter on Mar 20, 2018.
             Was a Priest of the Shining One.
             Killed from afar by Terandir's ghost (43 damage)
             ... with a stone arrow
             ... on level 10 of the Dungeon on Mar 21, 2018.
             The game lasted 00:44:40 (9561 turns).

Solrac the Basher (Formicid Fighter)                Turns: 9561, Time: 00:44:41

Health: -13/87     AC: 22    Str: 20    XL:     11   Next: 7%
Magic:  11/11      EV:  7    Int:  9    God:    the Shining One [***...]
Gold:   737        SH:  6    Dex: 13    Spells: 10/10 levels left

rFire    . . .     SeeInvis +   z - +3 mace (venom)
rCold    . . .     Gourm    .   H - +0 buckler {AC+3}
rNeg     + . .     Faith    .   M - +1 plate armour {rPois}
rPois    +         Spirit   .   (helmet unavailable)
rElec    .         Reflect  .   (no cloak)
rCorr    .         Harm     .   G - +2 pair of gloves
MR       ++...                  j - +0 pair of boots
Stlth    ..........             (no amulet)
HPRegen  0.24/turn              v - +1 ring of evasion
MPRegen  0.12/turn              I - ring of protection from magic

@: glowing
A: permanent stasis, dig shafts and tunnels, four strong arms, antennae 3
a: Dig, Shaft Self, Divine Shield, Renounce Religion


You were on level 10 of the Dungeon.
You worshipped the Shining One.
The Shining One was most pleased with you.
You were not hungry.

You visited 2 branches of the dungeon, and saw 11 of its levels.
You also visited: Sewer.

You collected 737 gold pieces.

Inventory:

Hand Weapons
 z - a +3 mace of venom (weapon)
Missiles
 a - 4 throwing nets
 i - 5 exploding tomahawks (quivered)
 p - 4 tomahawks
 s - 198 stones
 u - 6 javelins
 N - 4 silver tomahawks
Armour
 c - a +1 shield
 j - a +0 pair of boots (worn)
 G - a +2 pair of gloves (worn)
 H - a +0 buckler of protection (worn)
 M - a +1 plate armour of poison resistance (worn)
Jewellery
 k - a +2 ring of dexterity
 v - a +1 ring of evasion (left hand)
 I - a ring of protection from magic (right hand)
 O - an uncursed ring of stealth
Wands
 w - a wand of flame (86)
 y - a wand of polymorph (68)
 P - a wand of acid (4)
 S - a wand of paralysis (11)
Scrolls
 g - 6 scrolls of amnesia
 l - 4 scrolls of enchant weapon
 o - 2 scrolls of remove curse
 r - 6 scrolls of magic mapping
 t - 5 scrolls of fog
 J - a scroll of fear {unknown}
 K - 2 scrolls of enchant armour
 Q - 2 scrolls of teleportation {unknown}
 R - a scroll of summoning {unknown}
Potions
 b - a potion of degeneration {unknown}
 d - 2 potions of might
 e - 3 potions of magic {unknown}
 h - 2 potions of heal wounds
 m - 5 potions of curing
 n - 3 potions of agility
 q - a potion of mutation {unknown}
 x - a potion of flight {unknown}
 A - 2 potions of invisibility {unknown}
 C - 2 potions of haste {unknown}
 D - a potion of resistance
 F - a potion of lignification {unknown}
Books
 B - a book of Flames

   Spells                             Type                      Level
   a - Flame Tongue                   Conjuration/Fire             1
   b - Throw Flame                    Conjuration/Fire             2
   c - Conjure Flame                  Conjuration/Fire             3
   d - Inner Flame                    Hexes/Fire                   3
   e - Sticky Flame                   Conjuration/Fire             4
   f - Fireball                       Conjuration/Fire             5
 L - a book of Minor Magic

   Spells                             Type                      Level
   a - Magic Dart                     Conjuration                  1
   b - Blink                          Translocation                2
   c - Call Imp                       Summoning                    2
   d - Slow                           Hexes                        2
   e - Conjure Flame                  Conjuration/Fire             3
   f - Mephitic Cloud                 Conjuration/Poison/Air       3
Comestibles
 f - 20 rations
 E - 19 chunks of flesh


   Skills:
 + Level 8.5 Fighting
 * Level 10.2 Maces & Flails
 + Level 8.4 Armour
 + Level 9.3 Shields


You had 10 spell levels left.
You didn't know any spells.

Dungeon Overview and Level Annotations

Branches:
Dungeon (10/15)            Temple (1/1) D:5            Lair (0/6) D:8
    Orc (0/2) D:9

Altars:
Ashenzari
Cheibriados
Dithmenos
Elyvilon
Fedhas
Gozag
Hepliaklqana
Kikubaaqudgha
Makhleb
Nemelex Xobeh
Okawaru
Qazlal
Ru
Sif Muna
Trog
Uskayaw
Vehumet
Wu Jian
Xom
Yredelemnul
Zin
The Shining One

Shops:
D:9 *

Annotations:
D:3 2 transporters, Menkaure
D:10 Terandir's ghost, journeyman DEEE


Innate Abilities, Weirdness & Mutations

You cannot be hasted, slowed, berserked, paralysed or teleported.
You can dig through walls and to a lower floor.
Your four strong arms can wield two-handed weapons with a shield.
You have a pair of large antennae on your head. (SInv)


Message History

You hit Terandir's ghost.
Terandir's ghost is severely damaged.
You block Terandir's ghost's attack.
You barely miss Terandir's ghost.
Terandir's ghost is severely damaged.
You block Terandir's ghost's attack.
Your plate armour prevents you from hitting Terandir's ghost.
Terandir's ghost is severely damaged.
Terandir's ghost points at you and mumbles some strange words.
The blast of sand hits you!
You hit Terandir's ghost but do no damage.
Terandir's ghost is severely damaged.
You barely miss Terandir's ghost.
Terandir's ghost is severely damaged.
Terandir's ghost hits you.
You hit Terandir's ghost.
Terandir's ghost is severely damaged.
Terandir's ghost casts a spell at you. The stone arrow hits you!
You die...

#(###........
#.# ##.......
#.# .... #)#
#.# ##.#
##..# #..##
#@# #W#


{ygy{ .ryl# .....# ......# .......# ........# You could see 3 killer bees,
Terandir's ghost, a gnoll, a leopard gecko and a quokka.

Vanquished Creatures
  A two-headed ogre (D:8)
  A troll (D:9)
  Grum (D:9)
  Edmund (D:7)
  A water moccasin (D:6)
  2 sky beasts
  6 ice beasts
  5 orc warriors
  3 phantoms
  2 wolves (D:9)
  4 centaurs
  2 ogres
  Blork the orc (D:5)
  6 bullfrogs
  4 scorpions
  5 killer bees (D:8)
  A centaur zombie (D:7)
  2 crimson imps (D:5)
  2 quasits
  2 jellies (D:9)
  2 bullfrog zombies (D:7)
  6 hounds
  3 bullfrog skeletons
  2 centaur skeletons
  5 orc priests
  8 orc wizards
  6 worker ants
  Ijyb (D:4)
  A hound zombie (D:7)
  A howler monkey zombie (D:7)
  Robin (D:3)
  8 gnolls
  21 adders
  5 river rats (Sewer)
  2 shadow imps
  3 adder skeletons
  4 worms
  2 dart slugs (D:2)
  5 leopard geckos
  30 orcs
  8 giant cockroaches
  10 hobgoblins
  2 quokkas
  14 ball pythons
  7 bats
  6 frilled lizards
  6 goblins
  A jackal skeleton (D:8)
  8 kobolds
  A leopard gecko skeleton (D:4)
  A leopard gecko zombie (D:6)
  A quokka skeleton (D:4)
  31 rats
264 creatures vanquished.

Notes
Turn   | Place    | Note
-------+----------+-------------------------------------------
     0 | D:1      | Solrac the Formicid Fighter began the quest for the Orb.
     0 | D:1      | Reached XP level 1. HP: 18/18 MP: 1/1
   174 | D:1      | Reached XP level 2. HP: 24/24 MP: 2/2
   801 | D:2      | Reached XP level 3. HP: 22/29 MP: 3/3
  1378 | D:3      | Found a sacrificial altar of Ru.
  1442 | D:3      | Reached XP level 4. HP: 37/37 MP: 4/4
  1466 | D:3      | Noticed a phantom
  1468 | D:3      | Found a transporter.
  1473 | D:3      | Found a transporter.
  1473 | D:3      | Found an ancient bone altar of Kikubaaqudgha.
  1503 | D:3      | Reached skill level 3 in Maces & Flails
  1508 | D:3      | Noticed Robin
  1525 | D:3      | Killed Robin
  1690 | D:3      | Found a basalt altar of Yredelemnul.
  1691 | D:3      | Noticed Menkaure
  1896 | D:3      | Reached XP level 5. HP: 36/42 MP: 5/5
  1983 | D:3      | Found a snail-covered altar of Cheibriados.
  2314 | D:4      | Found a stormy altar of Qazlal.
  2427 | D:4      | Found a transporter.
  2429 | D:4      | Noticed a bullfrog
  2433 | D:4      | Killed a bullfrog
  2433 | D:4      | Reached skill level 4 in Maces & Flails
  2433 | D:4      | Reached XP level 6. HP: 48/48 MP: 6/6
  2446 | D:4      | Noticed an ice beast
  2447 | D:4      | Noticed an ice beast
  2583 | D:4      | Noticed Ijyb
  2598 | D:4      | Killed Ijyb
  2710 | D:4      | Found a transporter.
  3150 | D:4      | Reached skill level 5 in Shields
  3443 | D:5      | Entered Level 5 of the Dungeon
  3452 | D:5      | Reached XP level 7. HP: 42/55 MP: 7/7
  3460 | D:5      | Found a staircase to the Ecumenical Temple.
  3473 | Temple   | Entered the Ecumenical Temple
  3479 | Temple   | Became a worshipper of the Shining One
  3619 | D:5      | Reached skill level 5 in Maces & Flails
  3687 | D:5      | Noticed Edmund
  3841 | D:5      | Noticed Blork the orc
  3852 | D:5      | Killed Blork the orc
  3852 | D:5      | Reached skill level 5 in Fighting
  3852 | D:5      | Reached skill level 5 in Armour
  4011 | D:5      | Found a glowing drain.
  4023 | Sewer    | Entered a sewer
  4058 | Sewer    | Reached * piety under the Shining One
  4134 | Sewer    | Reached XP level 8. HP: 51/62 MP: 8/8
  4333 | Sewer    | HP: 3/62 [bullfrog (4)]
  4343 | Sewer    | Reached skill level 6 in Maces & Flails
  4829 | D:5      | You fall through a shaft!
  5134 | D:6      | Reached skill level 7 in Maces & Flails
  5134 | D:6      | Reached XP level 9. HP: 44/69 MP: 9/9
  6500 | D:7      | Reached skill level 8 in Maces & Flails
  6620 | D:7      | Reached ** piety under the Shining One
  6636 | D:7      | Killed Edmund
  6740 | D:7      | Reached XP level 10. HP: 79/79 MP: 10/10
  7030 | D:7      | Reached skill level 9 in Maces & Flails
  7875 | D:8      | Found a staircase to the Lair.
  8313 | D:8      | Noticed a two-headed ogre
  8328 | D:8      | Killed a two-headed ogre
  8523 | D:9      | Reached *** piety under the Shining One
  8591 | D:9      | Noticed Grum
  8600 | D:9      | Killed Grum
  8661 | D:9      | Found a staircase to the Orcish Mines.
  8851 | D:9      | Reached skill level 10 in Maces & Flails
  8873 | D:9      | Found Gozag's Platinum Reserve.
  8875 | D:9      | Found an opulent altar of Gozag.
  9114 | D:9      | Found an ornate altar of the Wu Jian Council.
  9172 | D:9      | Reached XP level 11. HP: 71/87 MP: 11/11
  9465 | D:10     | Entered Level 10 of the Dungeon
  9542 | D:10     | Noticed Terandir's ghost (journeyman DEEE)
  9561 | D:10     | Killed from afar by Terandir's ghost

Skill      XL: |  1  2  3  4  5  6  7  8  9 10 |
---------------+-------------------------------+-----
Shields        | 4 5 6 7 9 |  9.3
Maces & Flails | 3 4 5 7 8 10 | 10.2
Fighting       | 4 5 6 7 8 |  8.5
Armour         | 4 5 6 7 8 |  8.4

Action                   |  1- 3 |  4- 6 |  7- 9 | 10-12 || total
-------------------------+-------+-------+-------+-------++-------
Melee: Flail             |   123 |    64 |       |       ||   187
       Mace              |       |    63 |   386 |   237 ||   686
  Use: Scroll            |     3 |     2 |     3 |     4 ||    12
       Potion            |       |       |     4 |       ||     4
  Eat: Chunk             |     2 |     6 |    12 |     5 ||    25
       Ration            |       |       |       |     1 ||     1
Armor: Scale mail        |    62 |    50 |    17 |       ||   129
       Chain mail        |       |       |   301 |       ||   301
       Plate armour      |       |       |    72 |   133 ||   205
Dodge: Dodged            |    44 |    41 |   164 |    81 ||   330
Block: Shield            |    86 |    81 |   312 |       ||   479
       Buckler           |       |       |    21 |    63 ||    84
